 Dungeon Crawl Stone Soup version 0.30.0-5-g1a98f26d00 (webtiles) character file.

Game seed: 7029603322944003442

4309 ryw the Fighter (level 10, -1/87 HPs)
             Began as a Demonspawn Monk on May 9, 2023.
             Was an Elder of Okawaru.
             Slain by Amaemon
             ... wielding a -2 demon whip of venom
              (7 damage)
             ... on level 8 of the Dungeon.
             The game lasted 00:12:37 (7211 turns).

ryw the Fighter (Demonspawn Monk)                   Turns: 7211, Time: 00:12:38

Health: -1/87      AC: 12    Str: 16    XL:     10   Next: 11%
Magic:  10/10      EV: 18    Int: 12    God:    Okawaru [****..]
Gold:   367        SH:  0    Dex: 15    Spells: 9/9 levels left

rFire   . . .        y - +0 whip (flame)
rCold   . . .        c - orb {light}
rNeg    . . .        H - +4 scale mail
rPois   .            (helmet unavailable)
rElec   .            m - +0 cloak
rCorr   .            (no gloves)
SInv    .            L - +0 pair of boots
Will    .....        e - amulet of faith Stlth
                     q - +5 ring of evasion
HPRegen 0.34/turn    E - ring of wizardry
MPRegen 0.12/turn

%: faith, wizardry (x1)
@: lethally poisoned (-1 -> -37), hasted, glowing, very quick
A: horns 3, spiny 1
a: Renounce Religion, Heroism, Finesse


You were on level 8 of the Dungeon.
You worshipped Okawaru.
Okawaru was greatly pleased with you.
You visited 1 branch of the dungeon, and saw 8 of its levels.

You collected 367 gold pieces.

Inventory:

Hand Weapons
 y - a +0 whip of flaming (weapon)
Missiles
 a - 3 curare-tipped darts
 p - 12 boomerangs (quivered)
Armour
 c - an orb of light (worn)
 m - a +0 cloak (worn)
 H - a +4 scale mail (worn)
 L - a +0 pair of boots (worn)
Jewellery
 e - an amulet of faith (around neck)
 q - a +5 ring of evasion (left hand)
 E - a ring of wizardry (right hand)
Wands
 u - a wand of charming (11)
 I - a wand of flame (12)
 J - a wand of mindburst (16)
Scrolls
 d - a scroll of brand weapon
 f - 4 scrolls of teleportation
 g - 5 scrolls of immolation
 j - a scroll of fog
 k - 2 scrolls of fear
 l - a scroll of enchant armour {unknown}
 o - 4 scrolls of noise
 t - a scroll of blinking {unknown}
 w - a scroll of identify
 A - a scroll of magic mapping {unknown}
 C - a scroll of enchant weapon {unknown}
 D - a scroll of poison {unknown}
 G - a scroll of vulnerability
Potions
 b - 3 potions of curing
 h - 2 potions of berserk rage {unknown}
 i - 2 potions of magic
 n - 2 potions of attraction
 r - 2 potions of lignification {unknown}
 s - 2 potions of brilliance
 v - a potion of degeneration {unknown}
 x - a potion of haste
 z - 3 potions of ambrosia
 B - a potion of resistance {unknown}
 F - a potion of might {unknown}
 K - 2 potions of flight {unknown}


   Skills:
 + Level 11.0 Fighting
 + Level 9.8 Dodging
 - Level 3.0 Unarmed Combat


You had 9 spell levels left.
You didn't know any spells.
Your spell library contained the following spells:

 Spells                   Type           Power      Damage    Failure   Level
 Ensorcelled Hibernation  Hex/Ice        0%         N/A       56%         2
 Lesser Beckoning         Tloc           0%         N/A       56%         2
 Scorch                   Fire           0%         2d5       56%         2
 Gell's Gravitas          Tloc           0%         N/A       80%         3
 Inner Flame              Hex/Fire       0%         N/A       80%         3
 Spider Form              Tmut/Pois      0%         N/A       80%         3
 Teleport Other           Tloc           0%         N/A       80%         3
 Anguish                  Hex/Necr       0%         N/A       99%         4
 Flame Wave               Conj/Fire      0%         2d4       99%         4
 Sticky Flame             Conj/Fire      0%         2d3       99%         4
 Summon Small Mammal      Summ           Unusable   N/A       N/A         1
 Summon Forest            Summ/Tloc      Unusable   N/A       N/A         5
 Summon Cactus Giant      Summ           Unusable   N/A       N/A         6
 Malign Gateway           Summ/Tloc      Unusable   N/A       N/A         7
 Monstrous Menagerie      Summ           Unusable   N/A       N/A         7

Dungeon Overview and Level Annotations

Branches:
Dungeon (8/15)             Temple (0/1) D:7
   Lair: D:8-11

Altars:
Cheibriados
Dithmenos
Gozag
Hepliaklqana
Okawaru
Ru
Xom
Yredelemnul

Shops:
D:2 (   D:4 *   D:5 :   D:7 *

Annotations:
D:8 Amaemon


Innate Abilities, Weirdness & Mutations

You have a pair of large horns on your head.
You are partially covered in sharp spines.


Message History

You hit Amaemon. You burn Amaemon.
Amaemon is heavily wounded.
You feel very sick. The scorpion misses you.
Unknown command.
You barely miss Amaemon.
Amaemon is heavily wounded.
You feel very sick.
The orange demon stings you but does no damage.
Amaemon is struck by your spines. Amaemon closely misses you.
Amaemon claws you but does no damage. Amaemon tail-slaps you.
You are lethally poisoned!
Amaemon poisons you! The scorpion is struck by your spines.
The scorpion barely misses you.
Unknown command.
You hit Amaemon. You burn Amaemon. You headbutt Amaemon!
Amaemon is severely wounded.
You feel very sick. The scorpion misses you.
The orange demon stings you from afar.
* * * LOW HITPOINT WARNING * * *
Amaemon barely misses you. Amaemon claws you but does no damage.
Amaemon barely misses you.
You hit Amaemon but do no damage.
Amaemon is severely wounded.
* * * LOW HITPOINT WARNING * * *
You feel very sick.
Unknown command.
You hit Amaemon but do no damage. You headbutt Amaemon!!
Amaemon is almost dead.
* * * LOW HITPOINT WARNING * * *
You feel very sick. The scorpion is struck by your spines.
The scorpion stings you.
* * * LOW HITPOINT WARNING * * *
The orange demon stings you from afar.
* * * LOW HITPOINT WARNING * * *
Amaemon hits you with a -2 demon whip of venom.
* * * LOW HITPOINT WARNING * * *
You are more poisoned.
Amaemon claws you!
You die...

..# #.# #.## . #..# ..
##..# ... ########...##
.... #####...........##
.....
...........####s.#4....#
....######## ##@6s...#
....## ###...## .>...#
#..# .....## #...
......# #.## ......## .#
.......# # ##..#### ####


You could see Amaemon, an orange demon and 2 scorpions.

Vanquished Creatures
  Pikel (D:4)
  Maggie (D:8)
  A hornet (D:7)
  Grinder (D:4)
  A wyvern (D:5)
  A steam dragon (D:8)
  A water moccasin (D:6)
  2 orc warriors (D:7)
  An ice beast (D:6)
  4 black bears
  3 scorpions
  3 bullfrogs
  A necrophage (D:6)
  A wyvern zombie (D:6)
  A water moccasin zombie (D:6)
  6 wights
  A bullfrog zombie (D:6)
  A human zombie (D:6)
  6 orc priests
  3 jellies
  6 hounds
  A gnoll bouda (D:7)
  7 iguanas
  3 sleepcaps
  6 orc wizards
  3 mummies (D:6)
  A howler monkey zombie (D:6)
  5 gnolls (D:7)
  12 adders
  A shadow imp (D:6)
  2 white imps
  3 worms
  3 dart slugs
  19 orcs
  6 ball pythons
  9 endoplasms
  3 giant cockroaches
  14 goblins
  11 hobgoblins
  4 jackals
  6 quokkas
  11 bats
  6 frilled lizards
  11 kobolds
  5 rats
198 creatures vanquished.

Notes
Turn   | Place    | Note
-------+----------+-------------------------------------------
     0 | D:1      | ryw the Demonspawn Monk began the quest for the Orb.
     0 | D:1      | Reached XP level 1. HP: 18/18 MP: 1/1
   133 | D:1      | Gained mutation: You have a pair of small horns on your
                  | head. [demonic ancestry]
   133 | D:1      | Reached XP level 2. HP: 24/24 MP: 2/2
   405 | D:1      | Reached skill level 4 in Fighting
   405 | D:1      | Reached XP level 3. HP: 30/30 MP: 3/3
   797 | D:2      | Identified the +0 helmet of the Distant Future {rF+ rC+
                  | rCorr MP+9}
  1220 | D:2      | Reached XP level 4. HP: 30/38 MP: 4/4
  1369 | D:2      | Found Iloeheb's Weapon Shop.
  1794 | D:3      | Found a faded altar of an unknown god.
  1863 | D:3      | Reached XP level 5. HP: 29/43 MP: 5/5
  1993 | D:3      | Found a shadowy altar of Dithmenos.
  2070 | D:3      | Reached skill level 5 in Fighting
  2371 | D:3      | Found a sacrificial altar of Ru.
  2457 | D:3      | Got the Parchment of the Gang
  2716 | D:4      | Noticed Grinder
  2717 | D:4      | Paralysed by Grinder for 4 turns
  2743 | D:4      | Killed Grinder
  2744 | D:4      | Reached skill level 6 in Fighting
  2744 | D:4      | Gained mutation: You have a pair of horns on your head.
                  | [demonic ancestry]
  2744 | D:4      | Reached XP level 6. HP: 31/52 MP: 6/6
  2875 | D:4      | Reached skill level 5 in Dodging
  2875 | D:4      | Gained mutation: You are partially covered in sharp spines.
                  | [demonic ancestry]
  2875 | D:4      | Reached XP level 7. HP: 25/59 MP: 7/7
  3235 | D:4      | Noticed Pikel
  3252 | D:4      | Killed Pikel
  3253 | D:4      | Reached skill level 7 in Fighting
  3253 | D:4      | Gained mutation: You have a pair of large horns on your
                  | head. [demonic ancestry]
  3253 | D:4      | Reached XP level 8. HP: 58/68 MP: 8/8
  3691 | D:4      | Found an opulent altar of Gozag.
  3696 | D:4      | Found Gozag's Platinum Reserve.
  3906 | D:5      | Entered Level 5 of the Dungeon
  3915 | D:5      | Reached skill level 8 in Fighting
  4653 | D:5      | Found Debbyid's Book Emporium.
  4801 | D:6      | Reached skill level 9 in Fighting
  4886 | D:6      | Found an iron altar of Okawaru.
  4894 | D:6      | Reached XP level 9. HP: 58/76 MP: 9/9
  4957 | D:6      | Became a worshipper of Warmaster Okawaru
  4957 | D:6      | Reached * piety under Okawaru
  4957 | D:6      | Reached ** piety under Okawaru
  5386 | D:6      | Found a shimmering altar of Xom.
  5593 | D:6      | Found a basalt altar of Yredelemnul.
  5959 | D:7      | Found a hazy altar of Hepliaklqana.
  5984 | D:7      | Reached skill level 10 in Fighting
  6163 | D:7      | Found a staircase to the Ecumenical Temple.
  6216 | D:7      | Reached *** piety under Okawaru
  6355 | D:7      | Found Esujadey's Assorted Antiques.
  6697 | D:8      | Found a snail-covered altar of Cheibriados.
  6831 | D:8      | Noticed Maggie
  6844 | D:8      | Killed Maggie
  6844 | D:8      | Reached **** piety under Okawaru
  6845 | D:8      | Reached XP level 10. HP: 63/86 MP: 10/10
  6922 | D:8      | Reached skill level 11 in Fighting
  7196 | D:8      | Noticed Amaemon
  7199 | D:8      | Noticed an orange demon
  7211 | D:8      | Slain by Amaemon

Illustrated notes

Levels and vault maps discovered:
D:1:      dpeg_arrival_tiny_a, layout_basic, serial_bayou_pond_e,
          minmay_misc_feat_encased, minmay_close_crescents
D:2:      layout_basic, serial_shops, nicolae_diamond_shop, interstate_on_off,
          minmay_fractal_squares_5
D:3:      layout_basic, nicolae_dithmenos_shadow_blocks,
          nicolae_overflow_crystal_walls,
          shapermc_ecumenical_altar_starsandcircs, minmay_pentangle
D:4:      layout_loops_ring, nicolae_gozag_zags_fifth_avenue,
          kennysheep_cross_room, minmay_diced_spiral, uniq_grinder, uniq_pikel
D:5:      layout_basic, serial_shops, kennysheep_mini,
          chequers_serial_rivers_small_3, kennysheep_generic_room_13
D:6:      layout_loops_ring, mainiacjoe_overflow_big_doors,
          lemuel_mausoleum_altar_yredelemnul
D:7:      layout_basic, nicolae_hepliaklqana_hazy_memory,
          minmay_temple_entry_arrows, serial_shops, nicolae_diamond_shop
D:8:      layout_cave_pods, trog_hazing_becter, lemuel_crystal_altar,
          uniq_maggie, uniq_grum, uniq_amaemon

Skill      XL: |  1  2  3  4  5  6  7  8  9 10 |
---------------+-------------------------------+-----
Unarmed Combat | 3 |  3.0
Fighting       | 4 6 7 9 10 11 | 11.0
Dodging        | 3 4 5 6 7 9 |  9.8

Action                     |  1- 3 |  4- 6 |  7- 9 | 10-12 || total
---------------------------+-------+-------+-------+-------++-------
  Melee: Unarmed           |   133 |   195 |    46 |       ||   374
         Headbutt          |    24 |    50 |   103 |     9 ||   186
         Whip              |       |       |   298 |    15 ||   313
  Throw: Boomerang         |       |     6 |     5 |     3 ||    14
         Dart              |       |     4 |       |       ||     4
    Use: Potion            |     1 |     5 |       |     1 ||     7
         Scroll            |       |       |     7 |       ||     7
 Armour: Robe              |    22 |       |       |       ||    22
         Swamp dragon scal |    10 |    50 |    13 |       ||    73
         Scale mail        |       |       |    42 |     6 ||    48
  Dodge: Dodged            |    85 |   149 |   270 |    27 ||   531
